 Dungeon Crawl Stone Soup version 0.30-a0-779-g7971cf19c3 (webtiles) character file.

Game seed: 246375210495763643

75 Farfigtubin the Sneak (level 4, -6/25 HPs)
             Began as a Kobold Enchanter on Feb 18, 2023.
             Killed from afar by an orc wizard (9 damage)
             ... with a puff of flame
             ... on level 3 of the Dungeon.
             The game lasted 00:16:02 (2264 turns).

Farfigtubin the Sneak (Kobold Enchanter)            Turns: 2264, Time: 00:16:02

Health: -6/25      AC:  2    Str:  5    XL:     4   Next: 55%
Magic:  7/7        EV: 15    Int: 18    God:
Gold:   40         SH:  0    Dex: 15    Spells: 3/8 levels left

rFire   . . .      SeeInvis .    a - +1 dagger
rCold   . . .      Faith    .    (no shield)
rNeg    . . .      Spirit   .    b - +0 robe
rPois   .          Reflect  .    (no helmet)
rElec   .          Harm     .    (no cloak)
rCorr   .          Rampage  .    (no gloves)
Will    .....                    (no boots)
Stlth   ++++                     (no amulet)
HPRegen 0.24/turn                (no ring)
MPRegen 0.10/turn                (no ring)

@: no status effects
A: small, no large weapons, nightstalker 3
a: no special abilities


You were on level 3 of the Dungeon.
You visited 1 branch of the dungeon, and saw 3 of its levels.

You collected 40 gold pieces.

Inventory:

Hand Weapons
 a - a +1 dagger (weapon)
Missiles
 g - 18 stones (quivered)
 k - 5 poisoned darts
Armour
 b - a +0 robe (worn)
 l - an orb of light
Jewellery
 n - a ring of resist corrosion
 s - a ring of flight
Scrolls
 e - a scroll of magic mapping {unknown}
 h - a scroll of identify {unknown}
 i - a scroll of butterflies {unknown}
 j - a scroll of vulnerability {unknown}
 m - a scroll of blinking {unknown}
 r - 2 scrolls of poison {unknown}
 t - a scroll of teleportation {unknown}
 u - a scroll of fog {unknown}
Potions
 c - 2 potions of invisibility
 d - 5 potions of curing {unknown}
 f - 2 potions of mutation {unknown}
 o - a potion of heal wounds {unknown}
 p - a potion of degeneration {unknown}
 q - 2 potions of magic {unknown}
 v - a potion of resistance {unknown}


   Skills:
 + Level 1.1 Fighting
 + Level 2.1 Short Blades
 + Level 2.8 Dodging
 * Level 5.0 Stealth
 + Level 2.5 Spellcasting
 + Level 3.3 Hexes
 + Level 0.9 Ice Magic


You had 3 spell levels left.
You knew the following spells:

 Your Spells              Type           Power      Damage    Failure   Level
a - Ensorcelled Hibernat  Hex/Ice        20%        N/A       11%         2
b - Confusing Touch       Hex            14%        N/A       13%         3

Your spell library contained the following spells:

 Spells                   Type           Power      Damage    Failure   Level
 Tukima's Dance           Hex            14%        N/A       13%         3
 Dazzling Flash           Conj/Hex       16%        N/A       26%         3


Dungeon Overview and Level Annotations

Branches:
Dungeon (3/15)

Altars:
Fedhas


Innate Abilities, Weirdness & Mutations

You are small and have problems with some larger weapons.
You are completely attuned to the shadows.


Message History

Deactivating autopickup; reactivate with Ctrl-A.
Found a dagger.
The orc complains to no one in particular.
Casting: Ensorcelled Hibernation (safe; 11% risk of failure)
Confirm with . or Enter, or press ? or * to list all spells.
Aiming: Ensorcelled Hibernation (safe; 11% risk of failure)
Press: ? - help, Shift-Dir - straight line, f - orc
Aim: an orc, wielding a +0 whip (chance to affect: 62%)
You miscast Ensorcelled Hibernation.
You are very lightly contaminated with residual magic.
Nothing appears to happen.
The orc closely misses you.
You see here a +0 dagger.
Your magical contamination has completely faded away.
Found a stone staircase leading down.
You are confused.
You bump into the rock wall.
You bump into the rock wall.
The orc shouts!
You hear a shout! x2
Something hits you. Something hits you.
You hear some strange, mumbled words.
A puff of flame appears from out of thin air!
The puff of flame hits you!
You bump into the rock wall.
You feel less confused. Something hits you.
You hit something. Something hits you.
The orc hits you from afar with a +0 trident.
* * * LOW HITPOINT WARNING * * *
Something hits you.
* * * LOW HITPOINT WARNING * * *
The orc wizard casts a spell.
The orc wizard flickers and vanishes!
You hit something but do no damage. Something hits you but does no damage.
The orc hits you but does no damage.
You hit something.
You hear some strange, mumbled words.
A puff of flame appears from out of thin air!
The puff of flame hits you!
You die...

######### #>......############
#.........)...oo....
#...####.######o..## ###o#
#.####...#.## #{# #....#..#....#
#@# #..........o.# ######.#
.............#
#......##....~....~...o
#####.###..................
#.........###......~~......
#.###.##...........~~......
####.#.#.##.######............
#....#...#....# #...~....~....
###.##...#.#..#.###.............


You could see an orc.

Vanquished Creatures
  An adder (D:2)
  3 worms (D:2)
  2 dart slugs (D:1)
  4 bats
  8 endoplasms
  2 giant cockroaches
  8 goblins
  5 hobgoblins
  5 ball pythons
  4 frilled lizards
  3 kobolds
  5 rats
50 creatures vanquished.

Vanquished Creatures (others)
  5 withered plants (D:1)
5 creatures vanquished.

Grand Total: 55 creatures vanquished

Notes
Turn   | Place    | Note
-------+----------+-------------------------------------------
     0 | D:1      | Farfigtubin the Kobold Enchanter began the quest for the
                  | Orb.
     0 | D:1      | Reached XP level 1. HP: 10/10 MP: 3/3
    47 | D:1      | Found a faded altar of an unknown god.
   182 | D:1      | Reached XP level 2. HP: 15/16 MP: 5/5
   185 | D:1      | Learned a level 2 spell: Ensorcelled Hibernation
   434 | D:1      | Reached XP level 3. HP: 20/20 MP: 6/6
  1429 | D:2      | Reached skill level 1 in Fighting
  1429 | D:2      | Reached XP level 4. HP: 25/25 MP: 7/7
  1587 | D:2      | Learned a level 3 spell: Confusing Touch
  1972 | D:2      | Found a blossoming altar of Fedhas.
  2113 | D:3      | Reached skill level 5 in Stealth
  2264 | D:3      | Killed from afar by an orc wizard

Illustrated notes

Levels and vault maps discovered:
D:1:      dpeg_arrival_erosion, layout_basic, serial_curves, eino_curves_02,
          eino_curves_04, ebering_ecumenical_altar_petrified
D:2:      minmay_door_path, layout_basic, basic_altar
D:3:      layout_basic, skrybe_limestone_x, minmay_misc_feat_rugged

Skill      XL: |  1  2  3  4 |
---------------+-------------+-----
Short Blades   | 2 |  2.1
Fighting       | 1 |  1.1
Stealth        | 5 |  5.0
Dodging        | |  2.8
Spellcasting   | |  2.5
Hexes          | |  3.3
Ice Magic      | |  0.9

Action                     |  1- 3 |  4- 6 || total
---------------------------+-------+-------++-------
  Melee: Dagger            |    69 |    19 ||    88
         Punch             |     1 |       ||     1
  Throw: Dart              |     3 |       ||     3
         Stone             |     3 |       ||     3
   Cast: Ensorcelled Hiber |    13 |    12 ||    25
   Stab: Sleeping          |    24 |    13 ||    37
 Armour: Robe              |     1 |     2 ||     3
         Leather armour    |     4 |       ||     4
  Dodge: Dodged            |    33 |     8 ||    41

Table legend: (Time is in decaauts)
 A = Elapsed time spent in this place.
 B = Non-inter-level travel time spent in this place.
 C = Inter-level travel time spent in this place.
 D = Time resting spent in this place.
 E = Time spent auto-exploring this place.
 F = Levels seen in this place.
 G = Mean time per level.
                   A        B        C        D        E       F      G
               +--------+--------+--------+--------+--------+-----+--------+
         Total |   2256 |   2203 |     53 |    148 |   1007 |   3 |  752.0 |
       Dungeon |   2256 |   2203 |     53 |    148 |   1007 |   3 |  752.0 |
               +--------+--------+--------+--------+--------+-----+--------+

Top non-repeatable levels by time:
     D:1: 1087 daAuts
     D:2: 985 daAuts
     D:3: 182 daAuts
